 Dungeon Crawl Stone Soup version 0.30.0-20-g3615ddf2f0 (webtiles) character file.

Game seed: 12207290085699876780

443 qw the Chopper (level 7, -10/43 HPs)
             Began as a Gargoyle Fighter on June 1, 2023.
             Mangled by an ogre
             ... wielding a +0 giant spiked club
              (19 damage)
             ... on level 4 of the Dungeon.
             The game lasted 00:01:53 (2959 turns).

qw the Chopper (Gargoyle Fighter)                   Turns: 2959, Time: 00:01:54

Health: -10/43     AC: 17    Str: 21    XL:     7   Next: 2%
Magic:  7/7        EV:  5    Int:  9    God:
Gold:   95         SH:  4    Dex:  9    Spells: 6/6 levels left

rFire   . . .        Y - +0 war axe
rCold   . . .        c - +0 buckler
rNeg    + . .        h - +1 plate armour
rPois   inf          (no helmet)
rElec   +            (no cloak)
rCorr   .            (no gloves)
SInv    .            (no boots)
Will    .....        n - amulet of regeneration Stlth
                     (no ring)
HPRegen 1.07/turn    (no ring)
MPRegen 0.10/turn

%: no passive effects
@: about to teleport
A: sickness immunity, AC +4, negative energy resistance 1, electricity
resistance, torment resistance 1, petrification resistance
a: no special abilities


You were on level 4 of the Dungeon.
You visited 1 branch of the dungeon, and saw 4 of its levels.

You collected 95 gold pieces.


Innate Abilities, Weirdness & Mutations

You are immune to sickness and miasma.
Your stone body is resilient. (AC +4)
You are immune to poison.
You resist negative energy. (rN+)
You are resistant to electric shocks. (rElec)
You are resistant to unholy torment.
You are immune to petrification.


   Skills:
 - Level 4.0 Fighting
 + Level 6.4 Axes
 - Level 3.2 Armour
 - Level 3.2 Shields


You had 6 spell levels left.
You didn't know any spells.
Your spell library was empty.

Inventory:

Hand Weapons
 p - a +0 flail of protection
 Y - a +0 war axe (weapon)
Armour
 c - a +0 buckler (worn)
 h - a +1 plate armour (worn)
Jewellery
 n - an amulet of regeneration (around neck)
Scrolls
 g - a scroll of identify
 o - 2 scrolls of teleportation
Potions
 d - a potion of might
 i - a potion of attraction
 k - a potion of lignification
 l - a potion of curing

Dungeon Overview and Level Annotations

Branches:
Dungeon (4/15)
 Temple: D:4-7

Altars:
Elyvilon
Sif Muna
Xom

Annotations:
D:3 1 runed translucent door, Crazy Yiuf


Message History

The orc hits you with a +0 mace.
You slash the orc!
You kill the orc!
You slash the orc!
You kill the orc!
You see here a +0 short sword.
Items here: %%% ))) [.
A jelly comes into view.
The jelly quivers.
You hit the jelly.
Your hands burn!
The jelly is lightly wounded.
You block the jelly's attack.
You hit the jelly but do no damage.
Your hands burn!
The jelly is lightly wounded.
The jelly hits you but does no damage.
You hit the jelly.
Your hands burn!
The jelly is moderately wounded.
The jelly barely misses you. x2
You slash the jelly!
You kill the jelly!
You have reached level 7!
You start resting.
HP restored.
Found a shimmering blue altar of Sif Muna and a shimmering altar of Xom.
An ogre comes into view. It is wielding a +0 giant spiked club.
The ogre shouts!
You hit the ogre.
The ogre is moderately wounded.
The ogre hits you with a +0 giant spiked club!
You slash the ogre!
The ogre is severely wounded.
The ogre hits you with a +0 giant spiked club!!
Ouch! That really hurt!
2958 ||| READING 3 scrolls of teleportation.
As you read the scroll of teleportation, it crumbles to dust.
You feel strangely unstable.
You closely miss the ogre.
The ogre is severely wounded.
The ogre hits you with a +0 giant spiked club!!
You die...

#### ...##
##.###O.#######
~~~~~~~@~~~~~~~
~#####~.~#####~
#~~~#~.~#~~~#
#~_......._~#
#~~~#~.~#~~~#
~#####~.~#####~#
~~~~~~~.~~~~~~~#
##........#####
#...........#


You could see an ogre.

Vanquished Creatures
  Grinder (D:3)
  A jelly (D:4)
  Terence (D:3)
  6 adders
  3 gnolls (D:2)
  A worm (D:2)
  3 dart slugs
  10 orcs
  7 endoplasms
  3 giant cockroaches
  10 goblins
  2 hobgoblins
  10 jackals
  6 kobolds
  4 quokkas
  8 ball pythons
  5 bats
  5 frilled lizards
  6 rats
92 creatures vanquished.

Notes
Turn   | Place    | Note
-------+----------+-------------------------------------------
     0 | D:1      | qw the Gargoyle Fighter began the quest for the Orb.
     0 | D:1      | Reached XP level 1. HP: 14/14 MP: 1/1
     0 | D:1      | 0 ||| qw: Version: 0.2-a-102-gdf20003
     0 | D:1      | 0 ||| qw: Game counter: 718
     0 | D:1      | 0 ||| qw: Always use a shield: true
     0 | D:1      | 0 ||| qw: God list: Okawaru
     0 | D:1      | 0 ||| qw: Allow faded altars: false
     0 | D:1      | 0 ||| qw: Do Orc after D:15 true
     0 | D:1      | 0 ||| qw: Do second Lair branch before Depths: true
     0 | D:1      | 0 ||| qw: Lair rune preference: random
     0 | D:1      | 0 ||| qw: Plans: Normal, Zot:1-4, Slime:5, God:TSO, Crypt,
                  | Tomb, Pan, Hells, Abyss, Win
     0 | D:1      | 0 ||| PLANNING D:1-11
    42 | D:1      | 42 ||| Stepping ~*~*~tactically~*~*~ (hiding).
    48 | D:1      | Reached skill level 2 in Axes
   151 | D:1      | 151 ||| Stepping ~*~*~tactically~*~*~ (hiding).
   157 | D:1      | Reached XP level 2. HP: 17/19 MP: 2/2
   236 | D:1      | 236 ||| Stepping ~*~*~tactically~*~*~ (stealth).
   250 | D:1      | 250 ||| Stepping ~*~*~tactically~*~*~ (stealth).
   261 | D:1      | Reached skill level 3 in Axes
   305 | D:1      | Reached XP level 3. HP: 23/23 MP: 3/3
   427 | D:1      | 427 ||| Stepping ~*~*~tactically~*~*~ (stealth).
   937 | D:1      | 937 ||| UPGRADING to amulet of regeneration.
   942 | D:1      | 942 ||| READING 3 scrolls labelled VECZEN RUNOWUXT.
   943 | D:1      | 943 ||| READING 2 scrolls labelled UNLERYKHIT.
   944 | D:1      | 944 ||| READING scroll labelled COTOISCH OLAYNG.
   948 | D:1      | 948 ||| DRINKING 2 viscous blue potions.
   949 | D:1      | 949 ||| DRINKING 2 bubbling coppery potions.
   990 | D:1      | 990 ||| DROPPING 2 scrolls of noise.
   991 | D:1      | 991 ||| DROPPING potion of degeneration.
  1082 | D:2      | Reached XP level 4. HP: 28/28 MP: 4/4
  1195 | D:2      | Identified the +6 short sword of Weak Forgiveness
                  | {antimagic, rN+}
  1215 | D:2      | Reached skill level 4 in Axes
  1242 | D:2      | HP: 7/28 [orc/+0 dagger of protection (3)]
  1267 | D:2      | 1267 ||| DROPPING +0 whip.
  1343 | D:2      | Reached XP level 5. HP: 32/32 MP: 5/5
  1345 | D:2      | 1345 ||| Stepping ~*~*~tactically~*~*~ (stealth).
  1753 | D:2      | 1753 ||| READING 2 scrolls labelled JOMUDUECUECO.
  1754 | D:2      | 1754 ||| READING scroll labelled TOESIR YTHREYMM.
  1755 | D:2      | 1755 ||| READING scroll labelled CEXZYU PAOLI.
  1856 | D:2      | 1856 ||| DRINKING 2 cyan potions.
  1961 | D:2      | 1961 ||| DRINKING 2 orange potions.
  1962 | D:2      | 1962 ||| READING 4 scrolls of identify.
  1962 | D:2      | 1962 ||| IDENTIFYING grey potion
  1963 | D:2      | 1963 ||| READING 3 scrolls of identify.
  1963 | D:2      | 1963 ||| IDENTIFYING pink potion
  1964 | D:2      | 1964 ||| READING 2 scrolls of identify.
  1964 | D:2      | 1964 ||| IDENTIFYING bubbling puce potion
  1965 | D:2      | 1965 ||| DROPPING potion of flight.
  1966 | D:2      | 1966 ||| DROPPING potion of invisibility.
  1967 | D:2      | 1967 ||| DROPPING potion of berserk rage.
  2011 | D:3      | Noticed Grinder
  2021 | D:3      | Paralysed by Grinder for 5 turns
  2031 | D:3      | 2031 ||| Stepping ~*~*~tactically~*~*~ (hiding).
  2043 | D:3      | Killed Grinder
  2044 | D:3      | Reached skill level 6 in Axes
  2044 | D:3      | Reached XP level 6. HP: 29/37 MP: 6/6
  2069 | D:3      | 2069 ||| Stepping ~*~*~tactically~*~*~ (hiding).
  2202 | D:3      | 2202 ||| Stepping ~*~*~tactically~*~*~ (hiding).
  2203 | D:3      | 2203 ||| Stepping ~*~*~tactically~*~*~ (hiding).
  2251 | D:3      | Found a white marble altar of Elyvilon.
  2302 | D:3      | Found a faded altar of an unknown god.
  2507 | D:3      | Found a runed translucent door.
  2508 | D:3      | Noticed Crazy Yiuf
  2612 | D:3      | Noticed Terence
  2613 | D:3      | 2613 ||| Stepping ~*~*~tactically~*~*~ (hiding).
  2629 | D:3      | Killed Terence
  2640 | D:3      | 2640 ||| DROPPING +0 flail.
  2811 | D:3      | 2811 ||| UPGRADING to +0 plate armour.
  2821 | D:3      | 2821 ||| DROPPING +0 scale mail.
  2822 | D:3      | 2822 ||| READING scroll of enchant armour.
  2822 | D:3      | 2822 ||| ENCHANTING +0 plate armour.
  2823 | D:3      | 2823 ||| READING 2 scrolls labelled RAROHUF CUUGE.
  2824 | D:3      | 2824 ||| READING 2 scrolls labelled RONAKL TUREIDU.
  2825 | D:3      | 2825 ||| READING scroll labelled RITADY JAOPYT.
  2826 | D:3      | 2826 ||| DROPPING scroll of poison.
  2827 | D:3      | 2827 ||| DROPPING scroll of magic mapping.
  2930 | D:4      | Reached XP level 7. HP: 38/43 MP: 7/7
  2950 | D:4      | Found a shimmering blue altar of Sif Muna.
  2950 | D:4      | Found a shimmering altar of Xom.
  2957 | D:4      | HP: 7/43 [ogre/+0 giant spiked club (25)]
  2958 | D:4      | 2958 ||| READING 3 scrolls of teleportation.
  2959 | D:4      | Mangled by an ogre

Levels and vault maps discovered:
D:1:      giann_horns, layout_loops_ring, minmay_close_crescents
D:2:      layout_basic, minmay_liquid_box, chequers_serial_rivers_micro_e
D:3:      layout_loops_ring, mainiacjoe_overflow_tiny_flanked,
          chequers_ecumenical_altar_simple_redux, st_stairs_3, minmay_bisected,
          uniq_crazy_yiuf_cottage, uniq_terence, uniq_grinder
D:4:      layout_loops_ring, nicolae_overflow_two_pavilions,
          minmay_temple_entry_grid, nicolae_eternal_life

Skill      XL: |  1  2  3  4  5  6 |
---------------+-------------------+-----
Axes           | 2 3 4 6 |  6.4
Fighting       | 4 |  4.0
Armour         | |  3.2
Shields        | |  3.2

Action                     |  1- 3 |  4- 6 |  7- 9 || total
---------------------------+-------+-------+-------++-------
  Melee: War axe           |   126 |   197 |     3 ||   326
    Use: Scroll            |     3 |    10 |     1 ||    14
         Potion            |     2 |     2 |       ||     4
 Armour: Scale mail        |    82 |    68 |       ||   150
         Plate armour      |       |    14 |       ||    14
  Dodge: Dodged            |    59 |    90 |       ||   149
  Block: Buckler           |    21 |    47 |       ||    68

Table legend:
 A = Non-vault XP
 B = Vault XP
 C = Vault XP percentage of total XP
 D = Non-vault monster count
 E = Vault monster count
 F = Vault count percentage of total count
                 A         B        C        D         E       F
            +---------+---------+-------+---------+---------+-------
      Total |     298 |     335 |  52.9 |      81 |      11 |  12.0
            +---------+---------+-------+---------+---------+-------
        D:1 |      59 |       5 |   7.8 |      32 |       4 |  11.1
        D:2 |     136 |       0 |   0.0 |      32 |       0 |   0.0
        D:3 |      30 |     330 |  91.7 |      10 |       7 |  41.2
        D:4 |      73 |       0 |   0.0 |       7 |       0 |   0.0
            +---------+---------+-------+---------+---------+-------
